 Dungeon Crawl Stone Soup version 0.29-a0-613-gf2c431b9b9 (console) character file.

Game seed: 17484342896368577142

338 om the Magician (level 6, -4/40 HPs)
             Began as a Djinni Fire Elementalist on June 16, 2022.
             Was an Initiate of Makhleb.
             Killed from afar by a steam dragon (8 damage)
             ... with a ball of steam
             ... on level 4 of the Dungeon.
             The game lasted 00:09:22 (3410 turns).

om the Magician (Djinni Fire Elementalist)          Turns: 3410, Time: 00:09:23

Health: -4/40      AC:  4    Str:  7    XL:     6   Next: 86%
Gold:   111        EV: 13    Int: 17    God:    Makhleb [......] SH:  0 Dex: 15

rFire   + + .      SeeInvis .   f - +1 dagger (holy)
rCold   x . .      Faith    .   (no shield)
rNeg    . . .      Spirit   .   a - +0 robe
rPois   ∞          Reflect  .   v - +0 helmet
rElec   .          Harm     .   q - +0 cloak
rCorr   .          Rampage  .   (no gloves)
Will    +....                   (boots unavailable)
Stlth   ++........              l - amulet of the acrobat
HPRegen 0.13/turn               e - ring of willpower
MPRegen 0.00/turn               (no ring)

@: flying
A: sickness immunity, fire resistance 2, cold vulnerability 1, float, innate
caster, HP casting, extra vitality 1
a: Renounce Religion


You were on level 4 of the Dungeon.
You worshipped Makhleb.
Makhleb was noncommittal.
You visited 2 branches of the dungeon, and saw 5 of its levels.

You collected 111 gold pieces.

Inventory:

Hand Weapons
 f - a +1 dagger of holy wrath (weapon)
Armour
 a - a +0 robe (worn)
 q - a +0 cloak (worn)
 v - a +0 helmet (worn)
Jewellery
 e - a ring of willpower (left hand)
 l - an amulet of the acrobat (around neck)
 w - an amulet of regeneration
Scrolls
 c - a scroll of immolation {unknown}
 g - 2 scrolls of poison {unknown}
 h - 4 scrolls of vulnerability
 j - a scroll of noise {unknown}
 n - 2 scrolls of blinking {unknown}
 p - a scroll of fog {unknown}
 r - a scroll of summoning {unknown}
 t - a scroll of acquirement {unknown}
Potions
 b - 4 potions of might
 d - 2 potions of lignification {unknown}
 i - a potion of curing
 k - 2 potions of mutation {unknown}
 m - a potion of resistance {unknown}
 o - a potion of haste {unknown}
 s - a potion of flight {unknown}
 u - a potion of magic {unknown}


   Skills:
 - Level 4.0 Dodging
 - Level 3.0 Stealth
 * Level 4.4 Spellcasting


You couldn't memorise any spells.
You knew the following spells:

 Your Spells              Type           Power      Damage    Failure   Level
a - Foxfire               Conj/Fire      72%        2x1d7     2%          1
b - Scorch                Fire           36%        2d7       3%          2
c - Conjure Flame         Conj/Fire      18%        6-21      8%          3
d - Inner Flame           Hex/Fire       18%        N/A       8%          3
e - Flame Wave            Conj/Fire      18%        2d6       24%         4
f - Magic Dart            Conj           72%        1d6       2%          1
g - Poisonous Vapours     Pois/Air       36%        N/A       3%          2
Your spell library was empty.

Dungeon Overview and Level Annotations

Branches:
Dungeon (4/15)             Temple (1/1) D:4

Altars:
Ashenzari
Cheibriados
Dithmenos
Fedhas
Gozag
Hepliaklqana
Kikubaaqudgha
Makhleb
Nemelex Xobeh
Okawaru
Qazlal
Ru
Sif Muna
Trog
Uskayaw
Vehumet
Wu Jian
Xom
Yredelemnul
Zin
The Shining One

Shops:
D:3 =


Innate Abilities, Weirdness & Mutations

You are immune to sickness and miasma.
You are immune to poison.
Your flesh is very heat resistant. (rF++)
You are vulnerable to cold. (rC-)
You float through the air rather than walking.
You learn spells naturally, not from books.
Your magical power is your life essence.
You have superior vitality. (+4 MHP)


Message History

Flames lash the steam dragon.
The steam dragon is severely wounded.
The steam dragon's fire resistance burns away.
The steam dragon breathes steam at you. The ball of steam hits you. You resist.
* * * LOW HITPOINT WARNING * * *
Okay, then.
You are too injured to fight recklessly!
Unknown command.
Casting: Foxfire (safe; 2% risk of failure)
Press: ? - help, Q - select action, (/) - cycle Dir - look around, f - activate You conjure some foxfire!
* * * LOW HITPOINT WARNING * * *
The steam dragon breathes steam at you. The ball of steam misses you.
The foxfire hits the steam dragon but does no damage.
The steam dragon is severely wounded.
The foxfire hits the steam dragon but does no damage.
The steam dragon is severely wounded.
The steam dragon misses you. The steam dragon completely misses you.
Casting: Foxfire (safe; 2% risk of failure)
Press: ? - help, Q - select action, (/) - cycle Dir - look around, f - activate You conjure some foxfire!
* * * LOW HITPOINT WARNING * * *
The steam dragon is no longer more vulnerable to fire.
The steam dragon closely misses you. The steam dragon misses you.
Your foxfire dissipates!
The steam dragon attacks as you move away!
The steam dragon bites you.
* * * LOW HITPOINT WARNING * * *
The steam dragon claws you but does no damage.
The foxfire hits the steam dragon.
The steam dragon is almost dead.
Casting: Foxfire (safe; 2% risk of failure)
Press: ? - help, Q - select action, (/) - cycle Dir - look around, f - activate You conjure some foxfire!
* * * LOW HITPOINT WARNING * * *
The steam dragon breathes steam at you. The ball of steam hits you! You resist.
You die...

... . ...## ## ..### ##.#
..####... ...##.. ...... .....#
###..### # #(..###......# #..
#........###.##.. ##.
.####........[...... ##....#
.#............##.####... ..#
.......#.####..Dvv....#....#
.....###.## ####@..#....##.#
#...)###..########..#...##.#
#.....###........<..#.#..#.#
#.###...##...######.#.##.#.# #.#
###.##.#.### #.#.##...###.# #.#
#....#...# #...###......#
#.######....##.####..## #.###...#
..#......##......##...###.####...
....############.................
..............)...........####...
.)..########...[................#


You could see a steam dragon (catching breath, ally target).

Vanquished Creatures
  Sigmund (D:4)
  Natasha (thrice) (D:2)
  3 adders (D:2)
  2 worms
  A dart slug (D:1)
  An orc (D:3)
  3 endoplasms
  3 giant cockroaches
  9 goblins
  6 hobgoblins
  3 jackals (D:3)
  3 quokkas
  6 ball pythons
  4 bats
  2 frilled lizards
  6 kobolds
  8 rats
64 creatures vanquished.

Vanquished Creatures (others)
  214 foxfires
214 creatures vanquished.

Grand Total: 278 creatures vanquished

Notes
Turn   | Place    | Note
-------+----------+-------------------------------------------
     0 | D:1      | om the Djinni Fire Elementalist began the quest for the
                  | Orb.
     0 | D:1      | om set off with the following spells memorised: Foxfire,
                  | Scorch, Conjure Flame, Inner Flame, Flame Wave.
     0 | D:1      | Reached XP level 1. HP: 15/15 MP: 0/0
   258 | D:1      | Reached XP level 2. HP: 19/21 MP: 0/0
   980 | D:2      | Reached XP level 3. HP: 21/25 MP: 0/0
   980 | D:2      | Learned a level 1 spell: Magic Dart
  1412 | D:2      | Reached XP level 4. HP: 25/31 MP: 0/0
  1620 | D:2      | Found a shimmering altar of Xom.
  1623 | D:2      | Noticed Natasha
  1628 | D:2      | Killed Natasha
  1665 | D:2      | Noticed Natasha
  1671 | D:2      | Killed Natasha
  1672 | D:2      | Reached XP level 5. HP: 26/35 MP: 0/0
  1672 | D:2      | Learned a level 2 spell: Poisonous Vapours
  1756 | D:2      | Noticed Natasha
  1765 | D:2      | Killed Natasha
  2210 | D:3      | Found a bloodstained altar of Trog.
  2417 | D:3      | Found Otilofi's Jewellery Shoppe.
  2788 | D:4      | Found a staircase to the Ecumenical Temple.
  2804 | Temple   | Entered the Ecumenical Temple
  3157 | Temple   | Became a worshipper of Makhleb the Destroyer
  3200 | D:4      | Noticed Sigmund
  3208 | D:4      | Killed Sigmund
  3209 | D:4      | Reached XP level 6. HP: 27/40 MP: 0/0
  3369 | D:4      | Noticed a steam dragon
  3410 | D:4      | Killed from afar by a steam dragon

Illustrated notes

Levels and vault maps discovered:
D:1:      lightli_arrival_farm, layout_rooms, minivault_11,
          nicolae_concentric_dashed_squares_mild, kennysheep_boxes
D:2:      layout_rooms, basic_altar, uniq_natasha
D:3:      layout_basic, overflow_temple_1_default, serial_shops, shop_fountains
D:4:      layout_rooms, temple_fountains, serial_shops, shop, uniq_pikel,
          uniq_sigmund
Temple:   mainiacjoe_temple_cubbyholes

Skill      XL: |  1  2  3  4  5 |
---------------+----------------+-----
Stealth        | 2 3 |  3.0
Spellcasting   | 3 4 |  4.4
Dodging        | 3 4 |  4.0

Action                   |  1- 3 |  4- 6 || total
-------------------------+-------+-------++-------
Melee: Dagger            |     3 |    12 ||    15
       Punch             |       |     1 ||     1
 Cast: Foxfire           |    60 |    64 ||   124
       Scorch            |       |     4 ||     4
       Poisonous Vapours |       |     2 ||     2
  Use: Scroll            |     1 |     3 ||     4
Armor: Robe              |       |     5 ||     5
Dodge: Dodged            |     2 |    34 ||    36

Table legend: (Time is in decaauts)
 A = Elapsed time spent in this place.
 B = Non-inter-level travel time spent in this place.
 C = Inter-level travel time spent in this place.
 D = Time resting spent in this place.
 E = Time spent auto-exploring this place.
 F = Levels seen in this place.
 G = Mean time per level.
                   A        B        C        D        E       F      G
               +--------+--------+--------+--------+--------+-----+--------+
         Total |   3407 |   3267 |    140 |    383 |   2349 |   5 |  681.4 |
       Dungeon |   3030 |   2953 |     77 |    383 |   2037 |   4 |  757.5 |
        Temple |    377 |    314 |     63 |      0 |    312 |   1 |  377.0 |
               +--------+--------+--------+--------+--------+-----+--------+

Top non-repeatable levels by time:
     D:2: 1062 daAuts
     D:1: 973 daAuts
     D:3: 651 daAuts
  Temple: 377 daAuts
     D:4: 342 daAuts
